 Dungeon Crawl Stone Soup version 0.21.1-1-g345015f (webtiles) character file.

39 ScottishVillain the Skirmisher (level 3, -4/30 HPs)
             Began as a Demonspawn Abyssal Knight on Feb 19, 2018.
             Was a Follower of Lugonu.
             Slain by a gnoll (6 damage)
             ... on level 2 of the Dungeon.
             The game lasted 00:07:25 (1115 turns).

ScottishVillain the Skirmisher (DsAK)               Turns: 1115, Time: 00:07:26

Health: -4/30      AC:  5    Str: 13    XL:     3   Next: 26%
Magic:  5/5        EV: 10    Int: 13    God:    Lugonu [*.....]
Gold:   34         SH:  0    Dex: 12    Spells: 2/2 levels left

rFire    . . .     SeeInvis .   a - +1 falchion
rCold    . . .     Gourm    .   (no shield)
rNeg     . . .     Faith    .   d - +0 ring mail
rPois    .         Spirit   .   (helmet restricted)
rElec    .         Reflect  .   (no cloak)
rCorr    .         Harm     .   (no gloves)
MR       .....                  (no boots)
Stlth    +.........             l - amulet of rage
HPRegen  0.10/turn              g - ring of loudness
MPRegen  0.09/turn              (no ring)

@: no status effects
A: horns 1, nightstalker 1
a: Depart the Abyss, Renounce Religion, Evoke Berserk Rage


You were on level 2 of the Dungeon.
You worshipped Lugonu.
Lugonu was aware of your devotion.
You were not hungry.

You visited 1 branch of the dungeon, and saw 2 of its levels.
You visited the Abyss 1 time.

You collected 34 gold pieces.

Inventory:

Hand Weapons
 a - a +1 falchion (weapon)
Armour
 b - a +0 leather armour
 d - a +0 ring mail (worn)
Jewellery
 g - a ring of loudness (left hand)
 l - an amulet of rage (around neck)
Potions
 e - a potion of curing {unknown}
 j - a potion of heal wounds {unknown}
Comestibles
 c - 2 rations


   Skills:
 + Level 3.8 Fighting
 + Level 2.0 Long Blades
 + Level 2.1 Armour
 + Level 1.0 Dodging
 + Level 2.9 Invocations


You had 2 spell levels left.
You didn't know any spells.

Dungeon Overview and Level Annotations

Branches:
Dungeon (2/15)

Altars:


Innate Abilities, Weirdness & Mutations

You have a pair of small horns on your head.
You are slightly more attuned to the shadows.


Message History

You hit the gnoll.
The gnoll is heavily wounded.
The gnoll hits you with a club.
A gnoll comes into view.
You hit the gnoll. Your headbutt misses the gnoll.
The gnoll is severely wounded.
The gnoll moves out of view.
The gnoll hits you but does no damage. The gnoll hits you with a whip.
The gnoll closely misses you. The gnoll barely misses you.
You barely miss the gnoll. The gnoll barely misses you.
The gnoll hits you with a whip.
* * * LOW HITPOINT WARNING * * *
The gnoll hits you with a club.
* * * LOW HITPOINT WARNING * * *
The gnoll barely misses you.
You riposte.
You hit the gnoll. You headbutt the gnoll.
The gnoll is heavily wounded.
The gnoll hits you but does no damage. The gnoll hits you.
You die...

.... #..# ##..#.#
...... #..#.# .
#..#.# ..###gg#.#
.....g.#g#
.......@.####
............#
.##.##.###### #
#.##.# ..#.. #.##.#
##.#..##.##.######
..................#
.......##.#########
......##.#


You could see 4 gnolls.

Vanquished Creatures
  An adder (D:2)
  A ball python (D:1)
  3 bats (D:1)
  2 giant cockroaches (D:1)
  4 goblins (D:1)
  5 hobgoblins (D:1)
  2 jackals (D:1)
  3 frilled lizards (D:1)
  3 kobolds (D:1)
  5 rats (D:1)
29 creatures vanquished.

Notes
Turn   | Place    | Note
-------+----------+-------------------------------------------
     0 | Abyss:1  | ScottishVillain the Demonspawn Abyssal Knight began the quest for the Orb.
     0 | Abyss:1  | Reached XP level 1. HP: 18/18 MP: 2/2
    41 | Abyss:1  | Noticed a smoke demon
    54 | Abyss:1  | Noticed a rakshasa
    56 | D:1      | Escaped the Abyss
   134 | D:1      | Reached * piety under Lugonu
   220 | D:1      | Gained mutation: You have a pair of small horns on your head. [demonic ancestry]
   220 | D:1      | Reached XP level 2. HP: 23/24 MP: 4/4
   910 | D:1      | Reached skill level 1 in Dodging
   919 | D:1      | Gained mutation: You are slightly more attuned to the shadows. [demonic ancestry]
   919 | D:1      | Reached XP level 3. HP: 29/29 MP: 5/5
  1115 | D:2      | Slain by a gnoll

Skill      XL: |  1  2 |
---------------+-------+-----
Armour         | 2 |  2.1
Long Blades    | 2 |  2.0
Dodging        | 1 |  1.0
Fighting       | |  3.8
Invocations    | |  2.9

Action                   || total
-------------------------++-------
Melee: Falchion          ||    67
       Headbutt          ||     6
Invok: Depart the Abyss  ||     1
  Use: Scroll            ||     4
  Eat: Ration            ||     1
Armor: Ring mail         ||    35
Dodge: Dodged            ||    44
       Rpst.: Falchion   ||    15
